 Dungeon Crawl Stone Soup version 0.19.5 (webtiles) character file.

329 Azzok the Skirmisher (level 6, -3/41 HPs)
             Began as a Gargoyle Berserker on June 13, 2017.
             Was a Priest of Trog.
             Killed by divine providence
             ... invoked by an orc priest
              (15 damage)
             ... on level 3 of the Dungeon.
             The game lasted 00:04:15 (3114 turns).

Azzok the Skirmisher (Gargoyle Berserker)           Turns: 3114, Time: 00:04:15

Health: -3/41      AC: 14    Str: 23    XL:     6   Next: 51%
Magic:  6/6        EV:  8    Int:  7    God:    Trog [***...]
Gold:   101        SH:  0    Dex:  9    Spells: 0 memorised, 5 levels left

rFire  x . .     SeeInvis .     m - +0 flail
rCold  + . .     Gourm    .     g - +0 chain mail
rNeg   + . .     Faith    +     (no shield)
rPois  ∞         Spirit   .     (no helmet)
rElec  +         Reflect  .     (no cloak)
rCorr  .         Harm     .     (no gloves)
MR     .....                    v - +0 pair of boots (curse)
Stlth  ..........               q - amulet of faith
                                (no ring)
                                l - ring of ice

@: exhausted, slowed, very slow
A: negative energy resistance 1, electricity resistance, unbreathing,
petrification resistance, rot immunity, AC +4
a: Berserk, Trog's Hand, Burn Spellbooks, Renounce Religion


You were on level 3 of the Dungeon.
You worshipped Trog.
Trog was most pleased with you.
You were hungry.

You visited 1 branch of the dungeon, and saw 3 of its levels.

You collected 101 gold pieces.

Inventory:

Hand Weapons
 m - a +0 flail (weapon)
Armour
 g - a +0 chain mail (worn)
 v - a cursed +0 pair of boots (worn)
Jewellery
 e - an uncursed amulet of guardian spirit
 l - a ring of ice (left hand)
 q - an amulet of faith (around neck)
Wands
 s - a wand of heal wounds (6/9)
Scrolls
 d - 3 scrolls of identify {unknown}
 f - a scroll of enchant armour {unknown}
 j - a scroll of enchant weapon {unknown}
 p - a scroll of blinking {unknown}
Potions
 b - a potion of cancellation {unknown}
 i - a potion of degeneration {unknown}
 k - a potion of haste {unknown}
 n - a potion of might {unknown}
 o - a potion of flight {unknown}
 r - 2 potions of curing {unknown}
 u - a potion of ambrosia {unknown}
 x - a potion of resistance {unknown}
Books
 t - a book of Cantrips

   Spells                             Type                      Level
   a - Confusing Touch                Hexes                        1
   b - Animate Skeleton               Necromancy                   1
   c - Summon Small Mammal            Summoning                    1
   d - Apportation                    Translocation                1
   Trog disapproves of the use of such an item.
Comestibles
 a - 3 meat rations {@e2}
 c - 3 bread rations {@e1}
 h - a beef jerky
 w - a chunk of flesh {@w0}


   Skills:
 + Level 5.9 Fighting
 + Level 5.4 Maces & Flails
 - Level 2.1 Armour
 - Level 1.5 Dodging


You had 5 spell levels left.
You didn't know any spells.

Dungeon Overview and Level Annotations

Branches:
Dungeon (3/15)

Altars:
Ashenzari


Innate Abilities, Weirdness & Mutations

You are resistant to torment.
Your stone body is resilient. (AC +4)
You are immune to poison.
You resist negative energy. (rN+)
You are resistant to electric shocks. (rElec)
You can survive without breathing.
You are immune to petrification.
You are immune to rotting.


Message History

You take 5 damage, and have 17/41 hp.
You closely miss the orc priest.
The orc priest is heavily wounded.
The orc priest hits you but does no damage.
The orc hits you but does no damage.
The orc priest hits you with a hand axe.
You take 1 damage, and have 16/41 hp.
Your chain mail prevents you from hitting the orc priest.
The orc priest is heavily wounded.
The orc hits you but does no damage.
The orc priest invokes the aid of Beogh against you.
Pain shoots through your body!
* * * LOW HITPOINT WARNING * * *
The orc closely misses you.
You take 4 damage, and have 12/41 hp.
You barely miss the orc priest.
The orc priest is heavily wounded.
The orc priest invokes the aid of Beogh against you.
Beogh smites you!
You die...

·▒▒▒
▒·▒▒▒·····▒▒·▒▒▒··▒▒·▒▒·▒▒▒·
·▒
▒··▒··▒·▒············▒▒·▒▒▒·
·▒▒
▒·▒·▒·▒·▒▒▒▒·▒▒▒··▒▒▒▒▒·▒▒··
··▒
▒·····▒······▒▒▒·······)▒▒··
··▒
▒▒·▒▒▒·▒▒▒▒▒▒▒▒▒···▒▒▒▒▒·▒▒··
··▒ ▒·▒▒ ▒▒·▒▒ ▒▒·····▒▒
▒·▒▒·▒ ▒·▒ ▒·▒ ▒··▒
▒▒·······▒▒▒····· ··▒▒▒·▒▒
▒▒··▒▒▒▒>········▒▒·▒▒▒▒
·)·····▒▒▒······@o········'··▒
··▒▒▒▒▒······▒▒▒▒o·······(▒▒·▒
▒·▒ ▒▒▒▒▒··▒ ▒▒·······▒▒▒·▒
··▒ ▒▒·▒ ▒▒·····▒▒ ▒·▒ ▒▒▒ ▒·▒
▒▒···▒▒▒▒▒·▒ ▒·▒
▒▒········▒▒▒▒ ▒·▒
▒··▒▒▒▒▒····· ▒·▒
▒··▒▒▒▒▒·▒▒▒· ▒·▒
▒▒▒▒··▒·········


You could see an orc priest and an orc.

Vanquished Creatures
  Sigmund (D:3)
  An orc wizard (D:3)
  4 gnolls (D:2)
  3 adders
  An ooze (D:2)
  3 worms (D:2)
  A dart slug (D:1)
  A leopard gecko (D:2)
  4 orcs (D:3)
  A ball python (D:2)
  2 giant cockroaches
  8 goblins
  7 hobgoblins
  4 jackals (D:2)
  A quokka (D:3)
  6 bats
  4 frilled lizards
  6 kobolds
  8 rats
66 creatures vanquished.

Notes
Turn   | Place    | Note
-------+----------+-------------------------------------------
     0 | D:1      | Azzok the Gargoyle Berserker began the quest for the Orb.
     0 | D:1      | Reached XP level 1. HP: 14/14 MP: 1/1
   322 | D:1      | Reached XP level 2. HP: 17/19 MP: 2/2
  1155 | D:2      | Reached XP level 3. HP: 24/24 MP: 3/3
  1247 | D:2      | Reached ** piety under Trog
  1347 | D:2      | Reached XP level 4. HP: 26/30 MP: 1/4
  1520 | D:2      | Found a shattered altar of Ashenzari.
  1903 | D:2      | Reached XP level 5. HP: 34/34 MP: 5/5
  2090 | D:3      | Reached skill level 5 in Fighting
  2164 | D:3      | Noticed Sigmund
  2175 | D:3      | Killed Sigmund
  2175 | D:3      | Reached skill level 5 in Maces & Flails
  2175 | D:3      | Reached XP level 6. HP: 33/41 MP: 6/6
  3100 | D:3      | Reached *** piety under Trog
  3114 | D:3      | Killed from afar by an orc priest

Skill      XL: |  1  2  3  4  5 |
---------------+----------------+-----
Fighting       | 4 5 |  5.9
Maces & Flails | 4 5 |  5.4
Armour         | |  2.1
Dodging        | |  1.5

Action                   |  1- 3 |  4- 6 || total
-------------------------+-------+-------++-------
Melee: Mace              |   106 |     8 ||   114
       Flail             |       |   118 ||   118
Invok: Berserk           |     1 |     3 ||     4
  Eat: Chunk             |     1 |     9 ||    10
Armor: Scale mail        |     6 |       ||     6
       Chain mail        |    79 |    75 ||   154
Dodge: Dodged            |    52 |    45 ||    97
